 Dungeon Crawl Stone Soup version 0.24-a0-335-g06ca16a (webtiles) character file.

Game seed: 17922668607812798049

634 mhoghedin the Chiller (level 7, -1/46 HPs)
             Began as a Mummy Ice Elementalist on May 19, 2019.
             Slain by an ogre
             ... wielding a +0 giant club
              (23 damage)
             ... on level 4 of the Dungeon.
             The game lasted 00:12:17 (5827 turns).

mhoghedin the Chiller (Mummy Ice Elementalist)      Turns: 5827, Time: 00:12:17

Health: -1/46      AC:  3    Str: 11    XL:     7   Next: 24%
Magic:  11/11      EV: 12    Int: 17    God:
Gold:   173        SH:  0    Dex: 12    Spells: 5/11 levels left

rFire    x . .     SeeInvis .   k - -3 hunting sling (curse)
rCold    + . .     Gourm    .   (no shield)
rNeg     + + +     Faith    .   g - +0 robe
rPois    ∞         Spirit   .   i - +0 helmet
rElec    .         Reflect  .   (no cloak)
rCorr    .         Harm     .   (no gloves)
MR       .....     Rnd*Tele +   (no boots)
Stlth    ++........             (no amulet)
HPRegen  0.15/turn              d - ring of teleportation (curse) {+/*tele, !d}
MPRegen  0.12/turn              (no ring)

@: about to teleport
A: no food or potions, fire vulnerability, cold resistance 1, negative energy
resistance 3, torment resistance, unbreathing
a: no special abilities


You were on level 4 of the Dungeon.
You were not hungry.

You visited 1 branch of the dungeon, and saw 5 of its levels.

You collected 173 gold pieces.

Inventory:

Hand Weapons
 a - a +0 hunting sling
   (You took it off a goblin on level 2 of the Dungeon)
 b - a +0 club
   (You took it off a goblin on level 1 of the Dungeon)
 e - a +3 dagger of electrocution
   (You took it off a kobold on level 3 of the Dungeon)
 j - a +2 whip of pain
   (You took it off a gnoll on level 3 of the Dungeon)
 k - a cursed -3 hunting sling (weapon)
   (You found it on level 2 of the Dungeon)
Missiles
 h - 24 sling bullets (quivered)
Armour
 g - a +0 robe (worn)
 i - a +0 helmet (worn)
   (You took it off Robin on level 2 of the Dungeon)
Jewellery
 d - a cursed ring of teleportation (left hand) {+/*tele, !d}
   (You found it on level 4 of the Dungeon)
Scrolls
 c - 3 scrolls of identify


   Skills:
 - Level 1.5 Dodging
 - Level 1.5 Stealth
 - Level 2.6 Spellcasting
 - Level 0.7 Conjurations
 + Level 7.1 Ice Magic


You had 5 spell levels left.
You knew the following spells:

 Your Spells              Type           Power        Failure   Level  Hunger
a - Freeze                Ice            ####         1%          1    N/A
x - Throw Frost           Conj/Ice       ###...       5%          2    N/A
A - Ozocubu's Armour      Chrm/Ice       ##......     13%         3    N/A

Your spell library contained the following spells:

 Spells                   Type           Power        Failure   Level  Hunger
 Throw Icicle             Conj/Ice       ###.....     34%         4    N/A
 Summon Ice Beast         Ice/Summ       ##......     38%         4    N/A

Dungeon Overview and Level Annotations

Branches:
Dungeon (5/15)
 Temple: D:4-7

Altars:

Annotations:
D:2 1 exclusion
D:4 1 runed translucent door, Amnesiac's ghost, amateur HuWn


Innate Abilities, Weirdness & Mutations

You do not eat or drink.
Your flesh is vulnerable to fire.
You are immune to poison.
Your flesh is cold resistant. (rC+)
You are immune to negative energy. (rN+++)
You are immune to unholy pain and torment.
You can survive without breathing.


Message History

You freeze the orc priest.
The orc wizard shouts!
The orc priest hits you with a +0 dagger.
You take 2 damage, and have 31/46 hp.
You now have 10/11 mp.
Aim: an orc priest, wielding a +0 dagger and wearing a +0 leather armour (heavily wounded)
You freeze the orc priest!
You kill the orc priest!
The ogre shouts!
You now have 9/11 mp.
Okay, then.
Unknown command.
Amnesiac's ghost whispers, "Everlasting silence awaits you..."
The orc wizard looks braver for a moment.
The orc wizard gestures at you while chanting.
The magic dart hits you.
You take 4 damage, and have 28/46 hp.
MP restored: 11
There is a stone staircase leading down here.
The orc wizard shouts!
You climb downwards.
There is a stone staircase leading up here.
You start resting.
You feel strangely unstable.
You are suddenly yanked towards some nearby monsters!
Your surroundings suddenly seem different.
A scorpion comes into view.
An ogre comes into view. It is wielding a +0 giant club.
A hungry ghost comes into view.
Found a scroll of amnesia, 25 stones and a scroll of identify.
Found a stone staircase leading down.
You regained 5 hp, and now have 34/46 hp.
A worker ant comes into view.
The worker ant twitches its antennae in your direction.
The worker ant moves out of view.
A crimson imp comes into view.
The worker ant bites you.
You take 2 damage, and have 33/46 hp.
The crimson imp shouts!
Aim: a hungry ghost The hungry ghost resists.
You freeze the hungry ghost. The hungry ghost barely misses you.
You now have 10/11 mp.
You aren't carrying any items that you can evoke.
The hungry ghost barely misses you.
Really walk into that teleport trap?
You enter a teleport trap!
The teleport trap disappears.
Your surroundings seem slightly different.
The hungry ghost is too close now for your liking.
MP restored: 11 The hungry ghost hits you.
You take 3 damage, and have 32/46 hp.
The worker ant bites you. The worker ant barely misses you.
You take 3 damage, and have 29/46 hp.
The crimson imp shouts, "Capitulate, thou hateful clay-brained clam!"
The crimson imp blinks!
You see here a pair of boots.
You aren't carrying any items that you can evoke.
Okay, then.
Unknown command.
Unknown command.
Firing (i - inventory)
h - 27 sling bullets (quivered)
Aim: a hungry ghost You shoot a sling bullet.
The sling bullet closely misses the hungry ghost.
The sling bullet barely misses the worker ant.
The sling bullet closely misses the ogre.
The sling bullet hits the scorpion.
The hungry ghost barely misses you.
Firing (i - inventory)
h - 26 sling bullets (quivered)
Aim: a hungry ghost You shoot a sling bullet.
The sling bullet misses the hungry ghost.
The sling bullet hits the worker ant but does no damage.
The hungry ghost hits you.
You take 1 damage, and have 30/46 hp.
Firing (i - inventory)
h - 25 sling bullets (quivered)
Aim: a hungry ghost You shoot a sling bullet.
The sling bullet hits the hungry ghost but does no damage.
The hungry ghost hits you.
The crimson imp blinks!
There is a stone staircase leading up here.
The hungry ghost hits you. The ogre barely misses you.
You climb upwards.
Level annotation: 1 runed translucent door, Amnesiac's ghost, amateur HuWn The orc wizard begins to cast a cantrip, but forgets the words!
There is a stone staircase leading down here.
You take 1 damage, and have 29/46 hp.
As you read the scroll of teleportation, it crumbles to dust.
You feel strangely unstable. The hungry ghost hits you.
You take 3 damage, and have 26/46 hp.
Unknown command.
The ogre hits you with a +0 giant club.
You take 4 damage, and have 22/46 hp.
Unknown command.
The orc wizard mumbles some strange words.
The orc wizard seems to speed up.
The ogre hits you with a +0 giant club!!
Ouch! That really hurt!
You die...

.oo........##.# ..#+#.........#
.# .##.##....##..# #.# .##..
##...##....#..###.####......
#.....##.o.O...#...[#........#
⌠.!♣%.⌠#...##................##
#....W##...##..........#......##
##...##...##..o................
.##⌠##....##....@..........#..#
.O###.....#..o##WO.........#..###
#......O........>.#........#.....
......##.........##...........)..
#...)####......###.......#..#....
###### #................##.##....
#......#!.........#†.#....
##.#.####....#...##....... #####
#....#..#######.##


You could see a hungry ghost, 2 ogres and 2 orc wizards.

Vanquished Creatures
  3 ogres
  A howler monkey (D:4)
  An orc priest (D:4)
  An orc wizard (D:3)
  A worker ant (D:4)
  Robin (D:2)
  7 gnolls
  8 adders
  A worm (D:2)
  3 dart slugs
  A leopard gecko (D:2)
  12 orcs
  4 ball pythons
  11 giant cockroaches
  7 hobgoblins
  6 jackals
  6 kobolds
  A quokka (D:3)
  2 bats
  5 frilled lizards
  20 goblins
  3 rats (D:3)
105 creatures vanquished.

Notes
Turn   | Place    | Note
-------+----------+-------------------------------------------
     0 | D:1      | mhoghedin the Mummy Ice Elementalist began the quest for
                  | the Orb.
     0 | D:1      | Reached XP level 1. HP: 13/13 MP: 4/4
   391 | D:1      | Reached skill level 3 in Ice Magic
   391 | D:1      | Reached XP level 2. HP: 15/19 MP: 1/5
   703 | D:1      | Learned a level 2 spell: Throw Frost
  1159 | D:1      | Reached XP level 3. HP: 18/24 MP: 0/7
  1320 | D:2      | Noticed Robin
  1359 | D:2      | Learned a level 3 spell: Ozocubu's Armour
  1503 | D:2      | Killed Robin
  1812 | D:2      | Reached skill level 4 in Ice Magic
  1878 | D:2      | Reached XP level 4. HP: 24/30 MP: 4/8
  3049 | D:3      | Reached XP level 5. HP: 35/35 MP: 5/9
  3378 | D:3      | Reached skill level 5 in Ice Magic
  3922 | D:4      | Noticed an ogre
  3994 | D:4      | Noticed an ogre
  4062 | D:4      | HP: 3/35 [ogre/+0 giant spiked club (27)]
  4076 | D:3      | Killed an ogre
  4076 | D:3      | Reached XP level 6. HP: 5/41 MP: 0/10
  4520 | D:4      | Reached skill level 6 in Ice Magic
  5421 | D:3      | Reached XP level 7. HP: 38/46 MP: 6/11
  5518 | D:4      | Reached skill level 7 in Ice Magic
  5691 | D:4      | Noticed Amnesiac's ghost (amateur HuWn)
  5695 | D:4      | Found a runed translucent door.
  5756 | D:5      | Entered Level 5 of the Dungeon
  5783 | D:5      | Noticed a hungry ghost
  5827 | D:4      | Slain by an ogre

Levels and vault maps discovered:
D:1:      scummos_arrival_gate, layout_loops_ring, minmay_worlds_worst_comb
D:2:      layout_basic, first_ration, amethyst_killhole, grunt_ministairs_3,
          minmay_misc_feat_doors, uniq_robin
D:3:      layout_rooms
D:4:      layout_cave_pools, kiku_gazebo_pond_becter,
          hellmonk_ghost_happy_afterlife, grunt_ministairs_15,
          nemelex_spade_bored_becter
D:5:      lemuel_ice_spiral_2, layout_basic, guppyfry_shop_venom

Skill      XL: |  1  2  3  4  5  6  7 |
---------------+----------------------+-----
Ice Magic      | 3 4 5 6 7 |  7.1
Dodging        | |  1.5
Stealth        | |  1.5
Spellcasting   | |  2.6
Conjurations   | |  0.7

Action                   |  1- 3 |  4- 6 |  7- 9 || total
-------------------------+-------+-------+-------++-------
Melee: Club              |    17 |       |       ||    17
 Fire: Hunting sling     |    15 |    78 |     3 ||    96
 Cast: Freeze            |    57 |   114 |    10 ||   181
       Throw Frost       |       |    16 |       ||    16
  Use: Scroll            |       |     6 |     1 ||     7
Armor: Robe              |    15 |    15 |     1 ||    31
Dodge: Dodged            |    44 |   109 |     6 ||   159

Table legend:
 A = Non-vault XP
 B = Vault XP
 C = Vault XP percentage of total XP
 D = Non-vault monster count
 E = Vault monster count
 F = Vault count percentage of total count
                 A         B        C        D         E       F
            +---------+---------+-------+---------+---------+-------
      Total |     785 |     121 |  13.4 |      81 |      24 |  22.9
            +---------+---------+-------+---------+---------+-------
        D:1 |      23 |      12 |  34.3 |      11 |       6 |  35.3
        D:2 |      94 |      51 |  35.2 |      22 |      14 |  38.9
        D:3 |     375 |      58 |  13.4 |      34 |       4 |  10.5
        D:4 |     293 |       0 |   0.0 |      14 |       0 |   0.0
            +---------+---------+-------+---------+---------+-------

Levels and vault maps discovered:
D:1:      scummos_arrival_gate, layout_loops_ring, minmay_worlds_worst_comb
D:2:      layout_basic, first_ration, amethyst_killhole, grunt_ministairs_3,
          minmay_misc_feat_doors, uniq_robin
D:3:      layout_rooms
D:4:      layout_cave_pools, kiku_gazebo_pond_becter,
          hellmonk_ghost_happy_afterlife, grunt_ministairs_15,
          nemelex_spade_bored_becter
D:5:      lemuel_ice_spiral_2, layout_basic, guppyfry_shop_venom

Table legend:
 A = Turns spent in this place as a percentage of turns spent in the entire game.
 B = Non-inter-level travel turns spent in this place as a percentage of non-inter-level travel turns spent in the entire game.
 C = Inter-level travel turns spent in this place as a percentage of turns spent in this place.
 D = Turns resting spent in this place as a percentage of non-inter-level travel turns spent in this place.
 E = Turns spent auto-exploring this place as a percentage of non-inter-level travel turns spent in this place.
 F = Non-inter-level travel turns spent in this place divided by the number of levels of this place that you've seen.
                   A       B       C       D       E      F
               +-------+-------+-------+-------+-------+----------------------
         Total | 100.0 | 100.0 |   3.3 |  50.9 |  29.6 | 1126.8
       Dungeon | 100.0 | 100.0 |   3.3 |  50.9 |  29.6 | 1126.8
               +-------+-------+-------+-------+-------+----------------------

Table legend:
 A = Kills in this place as a percentage of kills in entire the game.
 B = Kills by you in this place as a percentage of kills by you in the entire game.
 C = Kills by friends in this place as a percentage of kills by friends in the entire game.
 D = Other kills in this place as a percentage of other kills in the entire game.
 E = Experience gained in this place as a percentage of experience gained in the entire game.
 F = Experience gained in this place divided by the number of levels of this place that you have seen.
                   A       B       C       D       E      F
               +-------+-------+-------+-------+-------+----------------------
         Total | 100.0 | 100.0 |   N/A |   N/A | 100.0 | 181.2
       Dungeon | 100.0 | 100.0 |   N/A |   N/A | 100.0 | 181.2
               +-------+-------+-------+-------+-------+----------------------
